 Dungeon Crawl Stone Soup version 0.30-b1-2-g02819fbbbe (webtiles) character file.

Game seed: 6283436441171575438

1428828 ketsa the Spry (level 27, 195/195 HPs)
             Began as a Human Ice Elementalist on May 6, 2023.
             Was the Champion of Hepliaklqana.
             Escaped with the Orb
             ... and 3 runes on May 8, 2023!
             The game lasted 19:11:18 (99855 turns).

ketsa the Spry (Human Ice Elementalist)            Turns: 99855, Time: 19:11:18

Health: 195/195    AC: 37    Str: 13    XL:     27
Magic:  43/43      EV: 20    Int: 30    God:    Hepliaklqana [******]
Gold:   4829       SH:  0    Dex: 21    Spells: 2/58 levels left

rFire   + + .        P - +9 scimitar (holy)
rCold   . . .        C - orb {*channel}
rNeg    + . .        R - +8 pearl dragon scales
rPois   +            m - +5 helmet of Hedge Wizardry {Int+3}
rElec   +            L - +1 cloak of Cheibriados {rElec Regen+ Str+2 Int+3}
rCorr   .            c - +0 pair of gloves
SInv    .            j - +0 pair of boots
Will    ++...        p - amulet of magic regeneration
Stlth   +            y - ring of wizardry
HPRegen 1.32/turn    Z - ring "Kubakku" {+Blink rPois rF++ Dex+6 Stlth+}
MPRegen 0.68/turn

%: wizardry (x1), channel magic (20%)
@: studying Throwing
A: reduced essence, clumsy 1, devolution 1
0: Orb of Zot
}: 3/15 runes: decaying, silver, gossamer
a: Renounce Religion, Evoke Blink, Recall Ancestor, Ancestor Identity,
Transference, Idealise


You escaped.
You worshipped Hepliaklqana.
Hepliaklqana was exalted by your worship.
You visited 13 branches of the dungeon, and saw 57 of its levels.
You visited the Abyss 1 time.

You collected 7446 gold pieces.
You spent 2617 gold pieces at shops.

Inventory:

Hand Weapons
 N - a +9 rapier of electrocution
 P - a +9 scimitar of holy wrath (weapon)
Missiles
 f - 67 poisoned darts (quivered)
 t - 5 throwing nets
 V - 22 atropa-tipped darts
Armour
 c - a +0 pair of gloves (worn)
 j - a +0 pair of boots (worn)
 m - the +5 helmet of Hedge Wizardry (worn) {Int+3}
   (You found it on level 2 of the Lair of Beasts)

   Int:       It affects your intelligence (+3).
 n - a scarf of repulsion
 C - an orb of energy (worn)
 L - the +1 cloak of Cheibriados (worn) {rElec Regen+ Str+2 Int+3}
   (You found it on level 7 of the Dungeon)

   Str:       It affects your strength (+2).
   Int:       It affects your intelligence (+3).
   rElec:     It insulates you from electricity.
   Regen:     It increases your rate of health regeneration.
 R - +8 pearl dragon scales (worn)
 T - a +0 cloak of poison resistance
 X - the scarf "Geurhod" {shadows, rN+ Regen+ Dex+5}
   (You found it on level 4 of the Spider Nest)

   Dex:       It affects your dexterity (+5).
   rN:        It protects you from negative energy.
   Regen:     It increases your rate of health regeneration.
Jewellery
 h - a ring of positive energy
 o - a +4 ring of protection
 p - an amulet of magic regeneration (around neck)
 s - a ring of resist corrosion
 y - a ring of wizardry (left hand)
 z - the ring of Dohoenosh {rC++ rN+}
   (You found it on level 3 of the Crypt)

   [ring of positive energy]

   rC:        It greatly protects you from cold.
   rN:        It protects you from negative energy.
 B - a +4 ring of protection
 H - a ring of magical power
 M - a ring of see invisible
 S - a ring of willpower
 Z - the ring "Kubakku" (right hand) {+Blink rPois rF++ Dex+6 Stlth+}
   (You acquired it on level 3 of the Swamp)

   [ring of dexterity]

   Dex:       It affects your dexterity (+6).
   rF:        It greatly protects you from fire.
   rPois:     It protects you from poison.
   +Blink:    It lets you blink.
   Stlth:     It makes you more stealthy.
Wands
 k - a wand of quicksilver (24)
 q - a wand of roots (49)
 r - a wand of paralysis (56)
 D - a wand of flame (64)
 G - a wand of digging (27)
 Q - a wand of mindburst (45)
Scrolls
 g - 11 scrolls of poison
 i - 7 scrolls of fog
 u - 17 scrolls of teleportation
 w - 3 scrolls of blinking
 E - 2 scrolls of summoning
 K - 4 scrolls of immolation
 O - 6 scrolls of silence
 U - 2 scrolls of magic mapping
 Y - 13 scrolls of fear
Potions
 b - 7 potions of magic
 d - 7 potions of haste
 e - 12 potions of brilliance
 l - 8 potions of heal wounds
 x - 19 potions of curing
 A - 6 potions of flight
 F - 2 potions of invisibility
 I - 4 potions of cancellation
 W - 6 potions of might
Miscellaneous
 a - a condenser vane
 J - a lightning rod (4/4)


   Skills:
 - Level 18.0 Fighting
 - Level 14.0 Short Blades
 - Level 15.0 Armour
 - Level 20.0 Dodging
 - Level 5.4 Stealth
 - Level 8.0 Shields
 - Level 16.0 Spellcasting
 - Level 11.0 Conjurations
 + Level 15.9 Hexes
 - Level 11.0 Summonings
 - Level 8.0 Necromancy
 - Level 6.0 Translocations
 + Level 18.1 Ice Magic
 - Level 11.1 Air Magic
 - Level 7.0 Earth Magic
 - Level 3.0 Poison Magic
 - Level 8.0 Invocations
 - Level 11.0 Evocations


You had 2 spell levels left.
You knew the following spells:

 Your Spells              Type           Power      Damage    Failure   Level
a - Summon Mana Viper     Hex/Summ       81%        N/A       1%          5
b - Frozen Ramparts       Ice            100%       1d16      1%          3
c - Ozocubu's Armour      Ice            93%        N/A       1%          3
d - Call Imp              Summ           100%       N/A       1%          2
e - Summon Ice Beast      Ice/Summ       84%        N/A       1%          4
f - Mephitic Cloud        Conj/Pois/Air  65%        N/A       1%          3
g - Freezing Cloud        Conj/Ice/Air   40%        6-21      1%          5
h - Metabolic Englaciati  Hex/Ice        45%        N/A       1%          5
i - Blink                 Tloc           100%       N/A       1%          2
j - Airstrike             Air            37%        2d(6-22)  1%          4
k - Hailstorm             Conj/Ice       84%        3d17      1%          3
l - Summon Lightning Spi  Summ/Air       74%        N/A       1%          4
m - Cause Fear            Hex            44%        N/A       1%          4
n - Animate Armour        Summ/Erth      100%       N/A       2%          4
o - Apportation           Tloc           100%       N/A       1%          1
p - Anguish               Hex/Necr       38%        N/A       1%          4

Your spell library contained the following spells:

 Spells                   Type           Power      Damage    Failure   Level
 Freeze                   Ice            100%       1d10      1%          1
 Magic Dart               Conj           100%       1d8       1%          1
 Necrotise                Necr           100%       1d9       1%          1
 Shock                    Conj/Air       100%       1d9       1%          1
 Slow                     Hex            100%       N/A       1%          1
 Cigotuvi's Dreadful Rot  Necr/Pois/Air  100%       N/A       1%          2
 Ensorcelled Hibernation  Hex/Ice        100%       N/A       1%          2
 Lesser Beckoning         Tloc           100%       N/A       1%          2
 Momentum Strike          Conj/Tloc      100%       3d10      1%          2
 Poisonous Vapours        Pois/Air       100%       N/A       1%          2
 Searing Ray              Conj           100%       2d8       1%          2
 Static Discharge         Conj/Air       100%       2-7/arc   1%          2
 Sublimation of Blood     Necr           64%        N/A       1%          2
 Sting                    Tmut/Pois      100%       1d8       4%          1
 Scorch                   Fire           48%        2d7       11%         2
 Confusing Touch          Hex            88%        N/A       1%          3
 Portal Projectile        Hex/Tloc       100%       N/A       1%          3
 Swiftness                Air            74%        N/A       1%          3
 Tukima's Dance           Hex            88%        N/A       1%          3
 Vampiric Draining        Necr           64%        2d10      1%          3
 Leda's Liquefaction      Hex/Erth       37%        N/A       1%          4
 Gell's Gravitas          Tloc           57%        N/A       2%          3
 Teleport Other           Tloc           57%        N/A       2%          3
 Animate Dead             Necr           64%        N/A       4%          4
 Dispel Undead            Necr           64%        3d22      4%          4
 Manifold Assault         Tloc           57%        N/A       6%          4
 Simulacrum               Ice/Necr       40%        N/A       6%          6
 Volatile Blastmotes      Fire/Tloc      84%        2d17      7%          3
 Summon Forest            Summ/Tloc      33%        N/A       7%          5
 Sticky Flame             Conj/Fire      54%        2d7       8%          4
 Agony                    Necr           64%        N/A       8%          5
 Borgnjor's Vile Clutch   Necr/Erth      31%        N/A       9%          5
 Enfeeble                 Hex            44%        N/A       9%          7
 Spider Form              Tmut/Pois      33%        N/A       11%         3
 Lee's Rapid Deconstruct  Erth           30%        3d16*     11%         5
 Summon Cactus Giant      Summ           37%        N/A       12%         6
 Ignite Poison            Fire/Tmut/Pois 30%        N/A       13%         3
 Olgreb's Toxic Radiance  Pois           42%        N/A       17%         4
 Fireball                 Conj/Fire      27%        3d12      17%         5
 Irradiate                Conj/Tmut      27%        3d20      17%         5
 Iron Shot                Conj/Erth      33%        9d7       21%         6
 Death Channel            Necr           32%        N/A       28%         6
 Monstrous Menagerie      Summ           37%        N/A       41%         7
 Discord                  Hex            44%        N/A       41%         8
 Dispersal                Tloc           28%        N/A       50%         6
 Alistair's Intoxication  Tmut/Pois      22%        N/A       54%         5
 Plasma Beam              Fire/Air       27%        2x1d44    56%         6
 Haunt                    Necr/Summ      34%        N/A       58%         7
 Blade Hands              Tmut           12%        N/A       71%         5
 Statue Form              Tmut/Erth      30%        N/A       80%         6
 Maxwell's Capacitive Co  Air            37%        ∞         93%         8
 Storm Form               Tmut/Air       27%        N/A       96%         7
 Lehudib's Crystal Spear  Conj/Erth      33%        10d9      99%         8
 Dragon Form              Tmut           12%        N/A       100%        7
 Disjunction              Tloc           28%        N/A       100%        8
 Ignition                 Fire           12%        3d6       100%        8
 Infestation              Necr           32%        N/A       100%        8
 Necromutation            Tmut/Necr      24%        N/A       100%        8
 Death's Door             Necr           32%        N/A       100%        9
 Dragon's Call            Summ           37%        N/A       100%        9


Dungeon Overview and Level Annotations

Branches:
Dungeon (15/15)            Temple (1/1) D:7            Lair (5/5) D:11
  Swamp (4/4) Lair:3       Spider (4/4) Lair:2        Slime (5/5) Lair:5
    Orc (2/2) D:11            Elf (3/3) Orc:2        Vaults (5/5) D:14
  Crypt (3/3) Vaults:3       Tomb (1/3) Crypt:3      Depths (4/4) D:15
    Zot (5/5) Depths:4

Altars:
Ashenzari
Cheibriados
Dithmenos
Elyvilon
Fedhas
Gozag
Hepliaklqana
Kikubaaqudgha
Makhleb
Nemelex Xobeh
Okawaru
Qazlal
Ru
Sif Muna
Trog
Uskayaw
Vehumet
Wu Jian
Xom
Yredelemnul
Zin
The Shining One

Shops:
D:2 (:?   D:4 !   D:11 !   D:15 *   Orc:2 [(=*   Elf:3 *   Vaults:2 [
Vaults:3 =   Depths:2 [

Portals:
Hell: Depths:1 Depths:2 Depths:3 Depths:4
Abyss: Swamp:1 Depths:3 Depths:4
Pandemonium: Depths:2 Depths:3 Depths:4
Ziggurat: Depths:3

Annotations:
D:5 exclusion: downstairs
D:6 exclusion: downstairs
D:7 exclusion: 2 downstairs
D:9 exclusion: 2 downstairs
D:10 Erolcha
Swamp:1 2 transporters, Keoguots's ghost, adept GnSk
Swamp:2 exclusion: Frances
Slime:2 exclusion: upstairs
Elf:3 exclusion: door
Vaults:2 exclusion: downstairs
Vaults:4 exclusion: downstairs
Crypt:1 exclusion: downstairs
Crypt:3 exclusion: 3 doors
Depths:1 exclusion: downstairs
Depths:2 exclusion: downstairs
Depths:3 exclusion: downstairs
Zot:2 1 runed translucent door, exclusion: downstairs, Alunk's ghost, legendary GnFi
Zot:3 exclusion: downstairs


Innate Abilities, Weirdness & Mutations

Your life essence is reduced to manifest your ancestor. (-10% HP)
You are clumsy. (Dex -2)
You have hidden genetic defects.


Message History

Where to? (Enter - D:1 @ (x,y), ? - help)
What level of the Dungeon? (default 1, ? - help)
There is a stone staircase leading up here.
You climb upwards.
Level annotation: exclusion: 2 downstairs
There is a stone staircase leading down here.
Servia is no longer moving quickly.
You see here 5 stones.
There is a stone staircase leading up here.
You climb upwards.
There is a stone staircase leading down here.
There is a stone staircase leading up here.
You climb upwards.
Level annotation: exclusion: 2 downstairs
There is a stone staircase leading down here.
There is a stone staircase leading up here.
You climb upwards.
Level annotation: exclusion: downstairs
There is a stone staircase leading down here.
There is a stone staircase leading up here.
You climb upwards.
Level annotation: exclusion: downstairs
There is a stone staircase leading down here.
There is a stone staircase leading up here.
You climb upwards.
There is a stone staircase leading down here.
There is a stone staircase leading up here.
You climb upwards.
There is a stone staircase leading down here.
There is a stone staircase leading up here.
You climb upwards.
There is a stone staircase leading down here.
There is a stone staircase leading up here.
You climb upwards.
There is a stone staircase leading down here.
You see here a +0 dagger.
There is an open door here.
There is a fountain of clear blue water here.
There is a staircase leading out of the dungeon here.
You have escaped!

###### ###....### ########
#....P...##
#......#########..P.~.P..#
#.#....#...##.....~~.~.~##
#.#.#.........#...~.~♣~~.. ##
#.#.##..#'#.)##..P.~~~~~.# .#
#.#..####⌠####....~~≈≈~~.. .#
#.#8..''⌠@⌠++..8..~~≈≈~~P. .#
##.#..####R####...P~.~~~...
.######..#.##..#'#..##...~~~.~~..
...........#.........#...P~~~~~P.
.####..#.#..............#.P~~~^..
.# #...#.###............#..♣.....
.# #.#.#.# #..........####.#.....
.# #.#.#.# #....)....## #.......
####.#...# ##.#...#### ###.....


You could see the friendly Servia the battlemage.

Vanquished Creatures
  A dread lich (Vaults:5)
  An orb of fire (Zot:5)
  Josephina (Zot:4)
  Saint Roka (Orc:2)
  A curse toe (Zot:1)
  4 golden dragons
  Nikola (Elf:3)
  Arachne (Spider:2)
  7 tentacled monstrosities
  Asterion (Elf:2)
  A lich (Depths:3)
  Jorgrun (Orc:1)
  6 Orb Guardians
  A deep elf master archer (Elf:3)
  A death cob (Zot:1)
  A sphinx (Vaults:4)
  A tengu reaver (Depths:2)
  A shadow dragon (Zot:4)
  A thorn hunter (Swamp:4)
  A storm dragon (Vaults:5)
  A fenstrider witch (Swamp:3)
  A draconian monk (Zot:2)
  An azure jelly (Slime:1)
  A rockslime (Slime:4)
  2 deep elf sorcerers
  6 emperor scorpions
  Louise (Depths:3)
  2 fire giants
  13 vault wardens
  Aizul (Elf:3)
  2 frost giants (Vaults:5)
  2 ghost moths
  2 draconian shifters
  A draconian annihilator (Zot:3)
  3 orc warlords
  A curse skull (Crypt:3)
  3 broodmothers
  2 deep elf elementalists (Elf:3)
  A quicksilver ooze (Slime:3)
  8 ironbound preservers
  2 war gargoyles (Vaults:2)
  3 vampire knights
  5 ironbound thunderhulks
  3 deep elf demonologists (Elf:3)
  8 very ugly things
  2 stone giants
  A black draconian (Zot:3)
  2 bunyips
  3 deep elf annihilators (Elf:3)
  2 eleionomae (Swamp:4)
  2 red draconians
  2 yellow draconians
  An eidolon (Crypt:1)
  6 purple draconians
  A spark wasp (Depths:3)
  4 green draconians
  3 white draconians
  10 dire elephants
  Snorg (Lair:4)
  4 jiangshi
  3 deep elf death magi
  A fire dragon (Depths:3)
  2 crystal guardians (Depths:3)
  3 ettins
  2 entropy weavers
  4 deep elf high priests
  9 vault guards
  13 yaktaur captains
  A rakshasa (Depths:2)
  2 starcursed masses (Abyss:2)
  13 hydras
  A hell beast (Depths:3)
  Harold (D:10)
  A ghost crab (Swamp:4)
  4 great orbs of eyes
  2 ogre magi
  6 centaur warriors
  A radroach (Spider:4)
  2 spriggan air magi
  Erica (D:9)
  3 boulder beetles
  2 death knights
  5 alligators
  5 death yaks (Lair:1)
  4 two-headed ogres
  A spriggan skeleton (Crypt:2)
  A tengu warrior (Depths:3)
  2 orc high priests
  A deep troll earth mage (Depths:1)
  A soul eater (Depths:3)
  3 deep troll shamans
  7 dancing weapons
  2 vampire magi
  3 hell knights
  2 spriggan berserkers (Depths:3)
  10 deep elf knights
  A spriggan (Swamp:4)
  A skeletal warrior (Crypt:1)
  A death drake (Swamp:4)
  A spectral death yak (Lair:5)
  An iron troll (Depths:1)
  2 pharaoh ants
  A skyshark (Lair:4)
  A sea snake (shapeshifter) (Vaults:4)
  A sun moth (Spider:4)
  20 deep trolls
  2 goliath frogs (Swamp:3)
  3 spriggan druids
  A swamp dragon (Swamp:4)
  3 orb spiders
  A flayed ghost (Crypt:2)
  A death drake (shapeshifter) (Depths:2)
  5 glowing orange brains
  9 orc knights
  2 steelbarb worms
  6 wizards
  11 deep elf archers
  An anaconda skeleton (Crypt:1)
  A bog body (Swamp:4)
  12 ironbound convokers
  A phantasmal warrior (Crypt:1)
  A shadow demon (Depths:2)
  12 necromancers
  8 lindwurms
  14 deep elf zephyrmancers
  18 deep elf pyromancers
  3 ugly things
  An orc sorcerer (Orc:2)
  11 wolf spiders
  A salamander (D:15)
  2 cyclopes
  A shining eye (Slime:2)
  2 worldbinders (Abyss:2)
  3 manticores (D:15)
  8 vault sentinels
  2 elephants (Lair:5)
  A dire elephant zombie (Crypt:1)
  3 demonic crawlers
  8 moths of wrath
  A torpor snail (Spider:4)
  3 apocalypse crabs (Zot:1)
  An orange demon (Depths:3)
  A black mamba (Lair:5)
  A dire elephant skeleton (Lair:5)
  An elephant slug zombie (Crypt:3)
  3 cane toads
  2 eyes of devastation
  Maggie (D:8)
  An unseen horror (D:12)
  A gargoyle (D:12)
  A storm dragon simulacrum (Zot:4)
  A pale draconian zombie (Crypt:1)
  A kobold demonologist (D:7)
  22 yaktaurs
  A freezing wraith (Crypt:2)
  2 ice devils
  3 tengu conjurers
  4 komodo dragons
  A red devil (Depths:4)
  A polar bear (Lair:5)
  7 meliai
  6 trolls
  3 tyrant leeches
  A harpy skeleton (Crypt:2)
  5 hornets
  2 hellwings
  A wind drake (shapeshifter) (Depths:3)
  21 tarantellas
  13 blink frogs
  2 spectral elephants (Lair:5)
  A stone giant simulacrum (Crypt:2)
  30 slime creatures
  10 culicivoras
  7 flying skulls
  A shadow (D:9)
  A large abomination (Elf:1)
  23 yaks
  11 jumping spiders
  5 wraiths
  3 water elementals
  2 wyverns
  A fire elemental (Elf:2)
  2 steam dragons (D:6)
  A basilisk (Lair:4)
  A death yak simulacrum (Lair:5)
  2 chaos spawn
  26 redbacks
  3 wargs
  Menkaure (D:7)
  13 vampire mosquitoes
  4 swamp worms (Swamp:3)
  2 acid dragons
  A floating eye (Depths:3)
  13 water moccasins
  A swamp drake (Swamp:4)
  8 orc warriors
  A sky beast (D:7)
  2 elephant zombies (Lair:5)
  2 black bears
  7 centaurs
  5 ogres
  6 wolves
  2 boggarts (Vaults:1)
  A lemure (D:4)
  A phantom (D:4)
  A manticore skeleton (Crypt:3)
  An elephant skeleton (Lair:5)
  13 kobold brigands
  A human zombie (Vaults:3)
  13 bullfrogs
  A gnoll sergeant (D:12)
  A scorpion (D:5)
  An earth elemental (Elf:3)
  A small abomination (Abyss:2)
  8 killer bees
  3 howler monkeys (D:12)
  2 electric eels
  2 quasits
  3 hounds
  12 orc priests
  Crazy Yiuf (D:7)
  2 iguanas
  A sleepcap (D:5)
  9 orc wizards
  A hell rat (Lair:1)
  10 gnolls
  6 adders
  A white imp (D:5)
  3 worms
  4 dart slugs
  37 orcs
  7 endoplasms
  A giant cockroach (D:1)
  8 goblins
  6 hobgoblins
  2 jackals (D:1)
  3 quokkas
  7 ball pythons
  4 bats
  4 frilled lizards
  A frilled lizard zombie (Crypt:2)
  19 kobolds
  3 rats
982 creatures vanquished.

Vanquished Creatures (collateral kills)
  Dissolution (Slime:2)
  4 dread liches
  3 orbs of fire (Zot:5)
  5 ancient liches
  Mara (Spider:4)
  A Killer Klown (Zot:5)
  A caustic shrike (Depths:3)
  Parghit (Zot:4)
  5 curse toes
  10 golden dragons
  2 bone dragons
  2 electric golems
  13 tentacled monstrosities
  3 liches
  4 acid blobs
  17 Orb Guardians
  2 titans
  A walking divine tome (Depths:3)
  A deep elf blademaster (Elf:3)
  4 quicksilver dragons
  An Executioner (Depths:4)
  4 sphinxes
  Frances (Swamp:2)
  3 ancient champions (Crypt:3)
  8 shadow dragons
  An acid blob (shapeshifter) (Vaults:2)
  8 storm dragons
  5 death cobs
  Gastronok (Lair:1)
  2 fenstrider witches
  2 thorn hunters
  3 fire giants
  3 rockslimes
  4 tengu reavers
  2 revenants
  An azure jelly (Slime:2)
  Roxanne (Swamp:2)
  5 draconian monks
  2 iron dragons (Depths:3)
  6 draconian knights
  5 emperor scorpions
  6 deep elf sorcerers
  7 frost giants
  3 draconian stormcallers
  9 vault wardens
  2 deep elf elementalists (Elf:3)
  6 draconian scorchers
  A juggernaut zombie (Crypt:1)
  10 ghost moths
  A curse skull (Crypt:1)
  2 draconian shifters
  13 draconian annihilators
  A ghoul (Crypt:2)
  6 ironbound preservers
  A quicksilver ooze (Slime:1)
  A spriggan defender (Depths:3)
  An orc warlord (Vaults:2)
  A juggernaut skeleton (Crypt:2)
  13 very ugly things
  2 broodmothers
  The ghost of Juirae the Grappler, a journeyman TrMo of Wu Jian (Lair:4)
  3 war gargoyles
  6 stone giants
  5 vampire knights
  3 ironbound thunderhulks
  An eleionoma (Swamp:1)
  7 deep elf demonologists
  9 yellow draconians
  7 red draconians
  11 green draconians
  4 dire elephants
  9 purple draconians
  8 deep elf annihilators
  10 white draconians
  6 black draconians
  3 crystal guardians
  4 eidola
  3 bunyips
  3 spark wasps (Depths:3)
  5 deep elf death magi
  5 fire dragons
  4 entropy weavers
  A merfolk impaler (Depths:2)
  8 ettins
  3 shambling mangroves (Swamp:4)
  3 deep elf high priests
  2 jiangshi
  The ghost of MirrMurr the Fighter, a journeyman GrBe of Trog (Lair:2)
  A hell beast (D:13)
  22 vault guards
  3 great orbs of eyes
  8 yaktaur captains
  The ghost of Qoesoec the Basher, a journeyman GrFi of Okawaru (Lair:2)
  A jorogumo (Spider:1)
  6 ice dragons
  A rakshasa (Depths:2)
  2 ogre magi
  A spriggan air mage (Depths:4)
  2 peacekeepers
  18 hydras
  2 ghost crabs
  4 alligators
  A radroach (Spider:4)
  A spriggan skeleton (Crypt:2)
  2 boulder beetles
  24 dancing weapons
  5 ironbound frosthearts
  2 death knights (Crypt:2)
  4 two-headed ogres
  6 centaur warriors
  A catoblepas (Lair:5)
  7 deep troll earth magi
  2 deep troll shamans
  A death scarab (Crypt:3)
  2 death yaks
  A spriggan berserker (Depths:3)
  3 tengu warriors
  5 vampire magi
  15 hell knights
  9 deep elf knights
  An orc high priest (Orc:1)
  A sun demon (Depths:3)
  Amaemon (D:8)
  A soul eater (Crypt:1)
  A titan skeleton (Crypt:3)
  2 wretched stars (Abyss:2)
  4 pharaoh ants
  2 skeletal warriors
  A deep troll (shapeshifter) (Vaults:5)
  7 iron trolls
  A bunyip zombie (Crypt:1)
  A spectral anaconda (Lair:5)
  A shadow wraith (Vaults:5)
  2 flayed ghosts
  A goliath frog (Swamp:2)
  A swamp dragon (shapeshifter) (Depths:3)
  27 deep trolls
  An anaconda zombie (Crypt:3)
  7 bog bodies
  A spriggan druid (Swamp:4)
  3 steelbarb worms (Spider:4)
  7 swamp dragons
  5 orb spiders
  A glowing orange brain (shapeshifter) (Vaults:5)
  2 glowing orange brains
  4 phantasmal warriors
  5 harpies (Vaults:3)
  Pikel (D:4)
  18 deep elf zephyrmancers
  10 wizards
  A goliath frog zombie (Crypt:1)
  An obsidian statue (Lair:5)
  14 ironbound convokers
  19 deep elf pyromancers
  2 deep elf archers (Elf:2)
  2 stone giant zombies
  4 lindwurms
  8 necromancers
  7 orc knights
  A cyclops (D:15)
  A will-o-the-wisp (Swamp:4)
  A shadow dragon skeleton (Crypt:2)
  10 wolf spiders
  A shining eye (Slime:4)
  3 orc sorcerers
  2 manticores
  13 ugly things
  An iron dragon skeleton (Crypt:3)
  16 moths of wrath
  Maurice (D:9)
  43 slime creatures
  5 apocalypse crabs (Zot:1)
  An eye of devastation (Slime:4)
  13 vault sentinels
  A shock serpent skeleton (Crypt:2)
  3 demonic crawlers
  2 elephants (Lair:5)
  4 black mambas
  2 smoke demons
  A stone giant skeleton (Vaults:3)
  An orange demon (D:8)
  A hellion (D:12)
  3 torpor snails
  A rime drake (Lair:5)
  A gargoyle (D:11)
  5 large abominations
  2 kobold demonologists
  A centaur skeleton (Crypt:1)
  5 komodo dragons
  8 freezing wraiths
  2 ice devils (Depths:3)
  24 yaktaurs
  2 tengu conjurers
  6 cane toads
  An unseen horror (shapeshifter) (Vaults:5)
  A death yak skeleton (Crypt:2)
  A red draconian skeleton (Crypt:2)
  A tormentor (Depths:4)
  A polar bear (Lair:4)
  An anaconda simulacrum (Crypt:3)
  A troll (Orc:1)
  2 red devils
  A bloated husk (Swamp:2)
  2 meliai
  A queen bee (D:9)
  A hellwing (D:10)
  9 blink frogs
  A shadow dragon simulacrum (Zot:4)
  9 tyrant leeches
  5 hornets (Swamp:4)
  A harpy skeleton (Crypt:3)
  10 tarantellas
  A draconian simulacrum (Zot:4)
  5 flying skulls
  20 jumping spiders
  A spriggan (Depths:3)
  3 water elementals
  7 culicivoras
  An air elemental (Elf:3)
  19 yaks
  2 ynoxinuls (Depths:3)
  2 vampires
  7 wraiths
  A fire elemental (Elf:3)
  A basilisk (shapeshifter) (Vaults:5)
  2 chaos spawn
  4 wyverns
  3 small abominations (Abyss:2)
  6 golden eyes (Slime:4)
  26 redbacks
  4 basilisks
  9 vampire mosquitoes
  2 death yak simulacra (Lair:5)
  2 steam dragons
  An acid dragon (D:11)
  A fire bat zombie (Crypt:2)
  6 swamp worms
  A harpy simulacrum (Crypt:3)
  2 wargs
  A water moccasin (shapeshifter) (D:15)
  A floating eye (shapeshifter) (Vaults:5)
  A moth of wrath simulacrum (Zot:4)
  7 water moccasins
  A merfolk skeleton (Crypt:3)
  18 orc warriors
  2 naga skeletons (Crypt:2)
  2 black bears
  A cane toad skeleton (Crypt:2)
  A hornet zombie (Crypt:2)
  7 swamp drakes
  An ettin simulacrum (Crypt:2)
  2 boggarts (Vaults:1)
  7 wolves
  2 ogres (Orc:1)
  3 lemures (D:4)
  2 centaurs
  A phantom (D:7)
  2 elf zombies (Elf:1)
  A rime drake zombie (Crypt:1)
  A draconian zombie (Crypt:3)
  2 kobold brigands
  4 bullfrogs
  An earth elemental (Elf:3)
  A gnoll sergeant (Orc:1)
  2 cane toad simulacra (Lair:5)
  A two-headed ogre simulacrum (D:11)
  8 wights (D:8)
  A troll zombie (Crypt:1)
  7 killer bees
  A howler monkey (D:7)
  4 nameless horrors
  A quasit (D:10)
  A hound (D:6)
  8 orc priests
  A starcursed mass (Abyss:2)
  7 orc wizards
  2 spriggan simulacra (D:11)
  2 troll simulacra (D:11)
  4 hell rats (Lair:1)
  A deep dwarf skeleton (Crypt:3)
  6 gnolls
  2 naga simulacra (D:11)
  A shadow imp (D:7)
  A swamp drake skeleton (Crypt:2)
  A white imp (D:6)
  An ufetubus (D:7)
  A worm (D:6)
  20 orcs
  A river rat zombie (Crypt:3)
  A ball python (D:4)
  A gnoll skeleton (Crypt:3)
  A goblin zombie (Crypt:2)
  3 kobolds (D:10)
  2 bushes (Lair:5)
  A butterfly (D:7)
  A withered plant (Crypt:3)
1253 creatures vanquished.

Vanquished Creatures (others)
  A shadow dragon (Zot:4)
  A draconian monk (Zot:4)
  A draconian knight (Zot:3)
  A draconian scorcher (Zot:4)
  A green draconian (Zot:4)
  A black draconian (Zot:3)
  A white draconian (Zot:3)
  A red draconian (Zot:4)
  A dancing weapon (Elf:1)
  A swamp dragon (Swamp:4)
  A wizard (Depths:2)
  An elephant (Lair:5)
  An apocalypse crab (Zot:1)
  3 bloated husks
  2 vampire mosquitoes (Swamp:1)
  An electric eel (Elf:3)
  An ancestor (D:7)
  79 battlemagi
  A demonic plant (D:10)
  A foxfire (Swamp:4)
  34 fungi
  69 plants
  32 withered plants
236 creatures vanquished.

Grand Total: 2471 creatures vanquished

Notes
Turn   | Place    | Note
-------+----------+-------------------------------------------
     0 | D:1      | ketsa the Human Ice Elementalist began the quest for the
                  | Orb.
     0 | D:1      | Reached XP level 1. HP: 13/13 MP: 3/3
   107 | D:1      | Reached XP level 2. HP: 13/19 MP: 1/5
   489 | D:2      | Found a shadowy altar of Dithmenos.
   569 | D:1      | Reached XP level 3. HP: 24/24 MP: 3/6
  1129 | D:2      | Found Tyemuich's Antique Weapon Shop.
  1149 | D:2      | Found Muisirai's Magic Scroll Boutique.
  1158 | D:2      | Bought a scroll of identify for 28 gold pieces
  1191 | D:2      | Found Pobex's Book Emporium.
  1793 | D:2      | Identified the +1 leather armour of Waim {Str+3}
  1916 | D:3      | Reached skill level 1 in Short Blades
  1916 | D:3      | Reached XP level 4. HP: 28/30 MP: 5/7
  2135 | D:3      | Found a burning altar of Makhleb.
  2194 | D:3      | Found a broken altar of Ashenzari.
  3030 | D:5      | Entered Level 5 of the Dungeon
  3133 | D:4      | Reached XP level 5. HP: 31/35 MP: 4/8
  3240 | D:4      | Learned a level 3 spell: Frozen Ramparts
  3268 | D:4      | Noticed a lemure
  3437 | D:3      | Reached skill level 1 in Armour
  3547 | D:4      | Reached skill level 5 in Ice Magic
  3826 | D:4      | Found Ralegh's Distillery.
  3833 | D:4      | Noticed a phantom
  3872 | D:5      | Learned a level 3 spell: Ozocubu's Armour
  3936 | D:5      | Reached skill level 3 in Dodging
  3936 | D:5      | Reached XP level 6. HP: 37/41 MP: 6/10
  4031 | D:5      | Noticed a black bear
  4431 | D:5      | Found a hazy altar of Hepliaklqana.
  5175 | D:6      | Noticed a steam dragon
  5295 | D:6      | Found a snail-covered altar of Cheibriados.
  5311 | D:7      | Noticed a steam dragon
  5338 | D:6      | Reached XP level 7. HP: 31/46 MP: 7/11
  5514 | D:2      | Bought a scroll of poison for 56 gold pieces
  5663 | D:5      | Became a worshipper of Hepliaklqana the Forgotten
  6185 | D:6      | Reached * piety under Hepliaklqana
  6195 | D:6      | Reached skill level 1 in Fighting
  6277 | D:6      | Noticed a steam dragon
  6625 | D:6      | Killed a steam dragon
  6626 | D:6      | Reached skill level 4 in Dodging
  6626 | D:6      | Reached XP level 8. HP: 35/49 MP: 7/13
  7094 | D:7      | Noticed Menkaure
  7305 | D:7      | Found a staircase to the Ecumenical Temple.
  7311 | D:7      | Identified the +1 cloak of Cheibriados {rElec Regen+ Str+2
                  | Int+3}
  7649 | D:7      | Killed Menkaure
  7650 | D:7      | Reached skill level 5 in Dodging
  7650 | D:7      | Reached XP level 9. HP: 23/57 MP: 15/15
  7802 | Temple   | Entered the Ecumenical Temple
  7940 | D:7      | Noticed a kobold demonologist
  7944 | D:7      | Reached skill level 1 in Summonings
  7952 | D:7      | Noticed a hellwing
  7953 | D:7      | Killed a kobold demonologist
  7954 | D:7      | Reached skill level 5 in Short Blades
  7954 | D:7      | Reached skill level 5 in Spellcasting
  8158 | D:7      | Found a runed translucent door.
  8159 | D:7      | Noticed Crazy Yiuf
  8166 | D:7      | Killed Crazy Yiuf
  8604 | D:8      | Found a stormy altar of Qazlal.
  8607 | D:8      | Reached ** piety under Hepliaklqana
  8616 | D:8      | Noticed Maggie
  8821 | D:8      | Remembered your ancestor Servia as a battlemage
  8927 | D:8      | Reached XP level 10. HP: 65/65 MP: 14/18
  8932 | D:8      | Learned a level 2 spell: Call Imp
  8937 | D:8      | Learned a level 4 spell: Summon Ice Beast
  9019 | D:8      | Reached skill level 5 in Fighting
  9063 | D:8      | Killed Maggie
  9339 | D:8      | Noticed Amaemon
  9339 | D:8      | Noticed an orange demon
  9458 | D:9      | Noticed a kobold demonologist
  9465 | D:9      | Killed a kobold demonologist
  9595 | D:9      | Noticed Maurice
  9620 | D:9      | Killed Maurice
  9976 | D:9      | Reached skill level 6 in Dodging
  9981 | D:9      | Reached skill level 1 in Conjurations
  9981 | D:9      | Reached skill level 1 in Air Magic
 10080 | D:10     | Entered Level 10 of the Dungeon
 10171 | D:9      | Reached *** piety under Hepliaklqana
 10210 | D:9      | Reached XP level 11. HP: 71/72 MP: 16/20
 10240 | D:9      | Noticed Erica
 10255 | D:9      | Killed Erica
 10905 | D:4      | Noticed Pikel
 10916 | D:4      | Killed Pikel
 11255 | D:10     | Noticed Erolcha
 11334 | D:10     | Noticed a two-headed ogre
 11423 | D:10     | Reached skill level 7 in Dodging
 11659 | D:10     | Reached skill level 1 in Poison Magic
 11706 | D:10     | Killed a two-headed ogre
 11824 | D:11     | Learned a level 3 spell: Mephitic Cloud
 11866 | D:11     | Found a staircase to the Lair.
 11907 | D:10     | Reached XP level 12. HP: 21/78 MP: 9/23
 12784 | D:10     | Noticed a two-headed ogre
 12799 | D:10     | Killed a two-headed ogre
 12800 | D:10     | Reached skill level 8 in Dodging
 12955 | D:10     | Reached **** piety under Hepliaklqana
 13306 | D:11     | Found a staircase to the Orcish Mines.
 13309 | D:11     | Found Rurucw's Distillery.
 13320 | D:11     | Bought a potion of resistance for 140 gold pieces
 13455 | Lair:1   | Entered Level 1 of the Lair of Beasts
 13657 | Lair:1   | Identified the +1 robe "Unoamosu" {-Tele rF+ Int+6 Dex+2}
 13662 | Lair:1   | Noticed Gastronok
 13708 | Lair:1   | Reached skill level 1 in Invocations
 13897 | Lair:1   | Noticed a death yak
 13907 | Lair:1   | Noticed a death yak
 13912 | Lair:1   | Noticed a death yak
 13912 | Lair:1   | Noticed a death yak
 13928 | Lair:1   | Noticed a death yak
 13931 | Lair:1   | Noticed a death yak
 13944 | Lair:1   | Killed a death yak
 13966 | Lair:1   | Killed a death yak
 13979 | Lair:1   | Killed a death yak
 14252 | Orc:1    | Entered Level 1 of the Orcish Mines
 14276 | D:11     | Reached skill level 10 in Short Blades
 14276 | D:11     | Reached skill level 9 in Dodging
 14352 | Lair:1   | Killed a death yak
 14365 | Lair:1   | Killed a death yak
 14585 | Lair:1   | Reached skill level 5 in Invocations
 14593 | Lair:1   | Killed a death yak
 14594 | Lair:1   | Reached XP level 13. HP: 62/83 MP: 11/25
 14703 | Lair:1   | Killed Gastronok
 15093 | Lair:2   | Noticed a seven-headed hydra
 15492 | Lair:2   | Killed a seven-headed hydra
 15550 | Lair:2   | Identified the +5 helmet of Hedge Wizardry {Int+3}
 15629 | Lair:2   | Identified the +7 quarterstaff "Jiguah" {pain, rF+ rCorr
                  | Dex-3}
 15677 | Lair:2   | Found a hole to the Spider Nest.
 15741 | Spider:1 | Entered Level 1 of the Spider Nest
 15855 | Lair:2   | Found a runed translucent gate.
 15855 | Lair:2   | Found a runed translucent gate.
 15855 | Lair:2   | Found a runed translucent gate.
 15855 | Lair:2   | Noticed MirrMurr's ghost (journeyman GrBe)
 15857 | Lair:2   | Noticed Qoesoec's ghost (journeyman GrFi)
 16018 | Lair:2   | Reached ***** piety under Hepliaklqana
 16346 | Lair:3   | Reached skill level 5 in Armour
 16375 | Lair:3   | Found a staircase to the Swamp.
 16769 | Lair:3   | Noticed a four-headed hydra
 16781 | Lair:3   | Killed a four-headed hydra
 16913 | Swamp:1  | Entered Level 1 of the Swamp
 17474 | Lair:4   | Reached skill level 10 in Dodging
 17899 | Lair:4   | Reached XP level 14. HP: 94/94 MP: 21/26
 17993 | Lair:4   | Noticed Snorg
 18005 | Lair:4   | Killed Snorg
 18017 | Lair:4   | Reached skill level 1 in Evocations
 18193 | Lair:4   | Found a runed translucent door.
 18193 | Lair:4   | Noticed Juirae's ghost (journeyman TrMo)
 18520 | Lair:5   | Entered Level 5 of the Lair of Beasts
 18822 | Lair:5   | Found a staircase to the Slime Pits.
 19742 | Slime:1  | Entered Level 1 of the Pits of Slime
 19871 | Lair:5   | Noticed a dire elephant
 19871 | Lair:5   | Noticed a dire elephant
 19871 | Lair:5   | Noticed a dire elephant
 19872 | Lair:5   | Noticed a dire elephant
 19881 | Lair:5   | Killed a dire elephant
 19953 | Lair:5   | Noticed a dire elephant
 19975 | Lair:5   | Killed a dire elephant
 20295 | Lair:5   | Reached skill level 5 in Evocations
 20610 | Lair:5   | Killed a dire elephant
 20628 | Lair:5   | Killed a dire elephant
 20629 | Lair:5   | Reached skill level 10 in Fighting
 20653 | Lair:5   | Killed a dire elephant
 20884 | Lair:5   | Reached XP level 15. HP: 103/103 MP: 20/28
 21099 | Lair:5   | Learned a level 5 spell: Freezing Cloud
 21291 | Lair:4   | Killed Juirae's ghost
 22079 | D:12     | Found a glowing silver altar of Zin.
 22080 | D:12     | Found Zin's Purification Station.
 22086 | D:12     | Bought a potion of curing for 90 gold pieces
 22242 | D:12     | Reached ****** piety under Hepliaklqana
 22795 | D:13     | Reached skill level 5 in Conjurations
 23547 | D:13     | Identified the +4 dagger of the Reaper {speed, rElec}
 23949 | D:14     | Reached skill level 11 in Dodging
 24006 | D:14     | Reached skill level 1 in Shields
 24763 | D:14     | Reached skill level 5 in Shields
 24811 | D:14     | Found a gate to the Vaults.
 25130 | D:15     | Entered Level 15 of the Dungeon
 25320 | D:15     | Found a staircase to the Depths.
 25325 | D:15     | Reached skill level 1 in Hexes
 25518 | D:15     | Reached skill level 10 in Spellcasting
 25739 | D:15     | Found an iron altar of Okawaru.
 25745 | D:15     | Reached XP level 16. HP: 112/112 MP: 21/30
 26061 | D:15     | Reached skill level 10 in Ice Magic
 26271 | D:15     | Found Viproimn's Assorted Antiques.
 26656 | Depths:1 | Entered Level 1 of the Depths
 27268 | Orc:1    | Noticed Jorgrun
 27279 | Orc:1    | Killed Jorgrun
 27395 | Orc:1    | Found a burning altar of Makhleb.
 27621 | Orc:2    | Entered Level 2 of the Orcish Mines
 27806 | Orc:2    | Found a staircase to the Elven Halls.
 27926 | Elf:1    | Entered Level 1 of the Elven Halls
 28092 | Orc:2    | Reached skill level 5 in Hexes
 28953 | Orc:2    | Learned a level 5 spell: Metabolic Englaciation
 28999 | Orc:2    | Noticed Saint Roka
 29026 | Orc:2    | Killed Saint Roka
 29129 | Orc:2    | Found Zefyosuk's Antique Armour Emporium.
 29167 | Orc:2    | Found Pout's General Store.
 29376 | D:10     | Noticed Harold
 29385 | D:10     | Killed Harold
 30003 | D:8      | Killed Amaemon
 30201 | Orc:2    | Found Hidul's Antique Weapon Emporium.
 30239 | Orc:2    | Found Empuh's Jewellery Emporium.
 31146 | Spider:1 | Reached XP level 17. HP: 27/114 MP: 18/33
 31785 | Spider:1 | Identified the +6 flail "Piuf" {flame, *Corrode Int+6}
 31810 | Spider:1 | Identified the +8 great sword of the Cursing Augurer
                  | {speed, Str+3}
 32498 | Spider:2 | Noticed Arachne
 32709 | Spider:2 | Reached skill level 5 in Summonings
 33164 | Spider:2 | Killed Arachne
 34352 | Orc:2    | Bought a scroll of teleportation for 42 gold pieces
 34370 | Orc:2    | Bought a ring of see invisible for 210 gold pieces
 35715 | Elf:1    | Reached skill level 5 in Air Magic
 35902 | Elf:1    | Got the Papyrus of Evil Deeds
 37061 | Elf:2    | Reached XP level 18. HP: 107/124 MP: 36/36
 37067 | Elf:2    | Found a runed translucent gate.
 37067 | Elf:2    | Found a runed translucent gate.
 37067 | Elf:2    | Found a runed translucent gate.
 37627 | Elf:2    | Reached skill level 12 in Dodging
 38187 | Elf:2    | Noticed Asterion
 38219 | Elf:2    | Killed Asterion
 38298 | Elf:2    | Learned a level 2 spell: Blink
 38712 | Elf:3    | Entered Level 3 of the Elven Halls
 38959 | Elf:3    | Noticed Nikola
 38977 | Elf:3    | Killed Nikola
 41271 | Spider:4 | Entered Level 4 of the Spider Nest
 41307 | Spider:4 | Reached skill level 5 in Stealth
 41798 | Spider:4 | Reached skill level 13 in Dodging
 42249 | Spider:4 | Noticed Mara
 42259 | Spider:4 | Killed Mara
 42615 | Spider:4 | Reached XP level 19. HP: 128/131 MP: 17/37
 44044 | Spider:4 | Reached skill level 14 in Dodging
 44580 | Spider:4 | Identified the scarf "Geurhod" {shadows, rN+ Regen+ Dex+5}
 44594 | Spider:4 | Got a gossamer rune of Zot
 45429 | Depths:2 | Found Ymy Soubb's Armour Shop.
 45429 | Depths:2 | Found a one-way gate leading to the halls of Pandemonium.
 45458 | Depths:1 | Found a gateway to Hell.
 45712 | Swamp:1  | Found a transporter.
 46652 | Swamp:1  | Found a transporter.
 46657 | Swamp:1  | Noticed Keoguots's ghost (adept GnSk)
 46657 | Swamp:1  | Noticed a profane servitor
 46670 | Swamp:1  | Found a one-way gate to the infinite horrors of the Abyss.
 47602 | Swamp:2  | Noticed Roxanne
 47848 | Swamp:2  | Noticed Frances
 47855 | Swamp:2  | Killed Frances
 48235 | Swamp:2  | Killed Roxanne
 48259 | Swamp:2  | Learned a level 4 spell: Airstrike
 48508 | Swamp:3  | Identified a scroll of acquirement
 48518 | Swamp:3  | Acquired Abunaic's Anthology of the Brilliant Inferno
 48524 | Swamp:3  | Learned a level 3 spell: Hailstorm
 49260 | Swamp:3  | Reached XP level 20. HP: 137/137 MP: 25/38
 49336 | Swamp:3  | Acquired the ring "Kubakku" {+Blink rPois rF++ Dex+6
                  | Stlth+}
 49806 | Swamp:3  | Identified the +3 short sword "Miytuithrul" {speed, rF+
                  | rCorr}
 49878 | Swamp:4  | Entered Level 4 of the Swamp
 49977 | Swamp:4  | Learned a level 4 spell: Summon Lightning Spire
 51286 | Swamp:4  | Reached skill level 10 in Air Magic
 51292 | Swamp:4  | Reached skill level 1 in Translocations
 52400 | Swamp:4  | Reached skill level 5 in Translocations
 52402 | Swamp:4  | Got a decaying rune of Zot
 52992 | Lair:2   | Killed MirrMurr's ghost
 52995 | Lair:2   | Killed Qoesoec's ghost
 53260 | Vaults:1 | Entered Level 1 of the Vaults
 55311 | Vaults:1 | Reached XP level 21. HP: 144/144 MP: 23/39
 59347 | Vaults:2 | Found Micoah's Antique Armour Shop.
 59350 | Vaults:2 | Bought a distressingly furry buckler for 351 gold pieces
 59350 | Vaults:2 | Identified the +3 buckler of the Abyss {Stlth+} (You bought
                  | it in a shop on level 2 of the Vaults)
 59380 | Vaults:2 | an eleionoma changed into a golden dragon
 59380 | Vaults:2 | Noticed a golden dragon (glowing shapeshifter)
 59381 | Vaults:2 | a golden dragon changed into an acid blob
 59569 | Vaults:2 | Found the +7 mace of Variability {chaos, chaos arc}
 60049 | Vaults:3 | Reached skill level 10 in Armour
 60313 | Vaults:3 | Reached skill level 15 in Dodging
 61126 | Vaults:3 | Reached XP level 22. HP: 152/152 MP: 29/40
 61726 | Vaults:3 | Found Bowkir's Jewellery Emporium.
 61800 | Vaults:3 | Bought an amulet of magic regeneration for 570 gold pieces
 61931 | Vaults:3 | Found a staircase to the Crypt.
 61934 | Crypt:1  | Entered Level 1 of the Crypt
 62397 | Vaults:3 | Got Sif Muna's Discursus on Inflammable Shadows
 62709 | Vaults:3 | Learned a level 4 spell: Cause Fear
 64242 | Vaults:4 | Reached skill level 16 in Dodging
 65154 | Elf:3    | Found Selirrucs's Assorted Antiques.
 65285 | Elf:3    | Bought 2 potions of curing for 108 gold pieces
 65545 | Abyss:2  | Cast into level 2 of the Abyss (a deep elf demonologist)
 65580 | Abyss:2  | Found a corrupted altar of Lugonu.
 65737 | Abyss:2  | Found a corrupted altar of Lugonu.
 65766 | Abyss:2  | Found a corrupted altar of Lugonu.
 65811 | Elf:3    | Escaped the Abyss
 65989 | Elf:3    | Noticed Aizul
 66006 | Elf:3    | Killed Aizul
 66391 | Elf:3    | Reached XP level 23. HP: 158/159 MP: 27/41
 66871 | Elf:3    | Reached skill level 15 in Fighting
 67652 | Elf:3    | Identified the +8 mace of Guilt {flame, rN+ Str+4 Int+3}
 67758 | Elf:3    | Identified the +5 hand axe "Fioxoap" {freeze, Will+ Int+2}
 67813 | Elf:3    | Reached skill level 17 in Dodging
 67880 | Elf:3    | Got the Incunabulum of Shadowy Fire
 67887 | Elf:3    | Identified the staff of death "Hothromol" {rN+ SInv}
 68590 | D:2      | Bought a scroll of enchant weapon for 105 gold pieces
 68591 | D:2      | Bought a scroll of blinking for 105 gold pieces
 68591 | D:2      | Bought a scroll of teleportation for 42 gold pieces
 68591 | D:2      | Bought a scroll of fear for 56 gold pieces
 68591 | D:2      | Bought a scroll of fog for 56 gold pieces
 68655 | D:4      | Bought 2 potions of magic for 224 gold pieces
 68655 | D:4      | Bought a potion of cancellation for 112 gold pieces
 68659 | D:4      | Bought a potion of cancellation for 112 gold pieces
 68809 | D:11     | Bought a potion of haste for 140 gold pieces
 68809 | D:11     | Bought a potion of heal wounds for 70 gold pieces
 68976 | Depths:1 | Found an ancient bone altar of Kikubaaqudgha.
 69124 | Depths:1 | Identified the +9 trident of Wyrd {freeze, rPois rC+ rN+}
 71074 | Depths:2 | Reached skill level 15 in Spellcasting
 71486 | Depths:2 | Identified the +10 chain mail "Byxuj" {Harm *Slow rElec}
 71824 | Depths:3 | Reached XP level 24. HP: 163/171 MP: 8/42
 71913 | Depths:3 | Identified the ring of Xom's Flight of Fancy {Int+7 Dex-5
                  | SInv Stlth+}
 72447 | Depths:3 | Noticed Louise
 72539 | Depths:3 | Reached skill level 18 in Dodging
 72579 | Depths:3 | Noticed a golden dragon
 72588 | Depths:3 | Killed a golden dragon
 72739 | Depths:3 | Noticed a caustic shrike
 72744 | Depths:3 | Killed a caustic shrike
 72939 | Depths:4 | Entered Level 4 of the Depths
 73175 | Depths:3 | Identified the +5 plate armour of Indomitability {Dex+6}
 73191 | Depths:3 | Identified the ring of Gegemas {*Corrode rPois rN+ Will+
                  | Int+5}
 73353 | Depths:3 | Identified the +1 rapier of Odoa {pain, SInv}
 73450 | Depths:3 | Killed Louise
 73542 | Depths:3 | Identified the staff of death "Lizezoqusi" {rN+ rCorr
                  | Str+2}
 73676 | Depths:3 | Found a one-way gateway to a ziggurat.
 75702 | Crypt:1  | Reached skill level 1 in Earth Magic
 76823 | Slime:2  | Noticed Dissolution
 76831 | Slime:2  | Killed Dissolution
 77218 | Slime:5  | Entered Level 5 of the Pits of Slime
 77290 | Slime:1  | Reached XP level 25. HP: 177/177 MP: 37/42
 78387 | Depths:3 | Reached skill level 10 in Summonings
 78714 | Depths:3 | Learned a level 4 spell: Animate Armour
 78796 | Depths:4 | Reached skill level 10 in Hexes
 78799 | Depths:4 | Reached skill level 5 in Earth Magic
 79712 | Depths:4 | Found a gate to the Realm of Zot.
 80798 | Elf:2    | Reached skill level 1 in Necromancy
 81856 | Crypt:3  | Entered Level 3 of the Crypt
 82907 | Crypt:3  | Found a staircase to the Tomb.
 83005 | Tomb:1   | Entered Level 1 of the Tomb of the Ancients
 83181 | Crypt:3  | Reached skill level 5 in Necromancy
 83488 | Crypt:3  | Noticed a curse toe
 83490 | Crypt:3  | Reached XP level 26. HP: 185/185 MP: 33/42
 83493 | Crypt:3  | Killed a curse toe
 83530 | Crypt:3  | Noticed an ancient lich
 83715 | Crypt:3  | Found the +10 morningstar "Eos" {elec, Halo rElec}
 83799 | Crypt:3  | Learned a level 1 spell: Apportation
 83800 | Crypt:3  | Identified the ring of Hadomouzoa {rPois rC- rN+ Dex+4}
 83801 | Crypt:3  | Identified the ring of Sissu {+Blink rElec rN+ Will- Str+4}
 83802 | Crypt:3  | Identified the ring of Dohoenosh {rC++ rN+}
 83804 | Crypt:3  | Got the Treatise on the Autopsy
 83826 | Crypt:3  | Identified the ring "Tusayc" {Contam +Blink AC+4 SInv}
 83827 | Crypt:3  | Identified the +0 scimitar "Yxzysopp" {flame, rC+ Int+3
                  | Dex+3}
 83966 | Crypt:3  | Learned a level 4 spell: Anguish
 84126 | Vaults:5 | Entered Level 5 of the Vaults
 84158 | Vaults:4 | Reached skill level 19 in Dodging
 84263 | Vaults:4 | Reached skill level 10 in Evocations
 84965 | Vaults:5 | Noticed a dread lich
 85467 | Vaults:5 | Identified the +7 sling of Parts Unknown {flame, Dex+3
                  | Stlth+}
 85767 | Vaults:5 | Reached skill level 15 in Armour
 85869 | Vaults:5 | Noticed an ancient lich
 85883 | Vaults:5 | Killed an ancient lich
 86174 | Vaults:5 | Identified the +5 rapier of Jemux {flame, Fragile rN++
                  | Int+6}
 86346 | Vaults:5 | Identified the +3 rapier of the Warrior-Mage {flame, rElec}
 86391 | Vaults:5 | Got a silver rune of Zot
 86609 | Vaults:5 | Noticed a dread lich
 87084 | Vaults:5 | Killed a dread lich
 87150 | Vaults:5 | Killed a dread lich
 87151 | Vaults:5 | Reached XP level 27. HP: 193/193 MP: 17/42
 87228 | Vaults:5 | Identified the +10 flail "Jiubuem" {heavy, rPois rF+++ MP+9
                  | Str-2}
 87228 | Vaults:5 | Identified the amulet "Ovicun" {Faith Regen+ Int+6}
 87732 | Vaults:5 | Identified the +0 scale mail "Lylidad" {-Cast Str+2 Dex+5}
 87828 | Vaults:5 | Got the Encyclopedia of Geometric Contamination
 88376 | Zot:1    | Entered Level 1 of the Realm of Zot
 88412 | Zot:1    | Acquired 900 gold pieces
 89777 | Zot:1    | Reached skill level 20 in Dodging
 90142 | Zot:1    | Identified the +2 scale mail of Elyvilon's Whim {-Tele rN+
                  | Regen+ Str+4}
 90919 | Zot:1    | Paralysed by you for 2 turns
 91118 | Zot:1    | Identified the +0 great sword "Gecou" {vamp, Int+4}
 91549 | Zot:2    | Found a runed translucent door.
 91669 | Zot:4    | Identified the staff of cold "Poyxteesh" {Fragile rF+ rC+
                  | rCorr Str+5}
 91669 | Zot:4    | Identified the ring "Vihifih" {Ice Will- Dex+4}
 91669 | Zot:4    | Noticed Josephina
 91686 | Zot:2    | Noticed Alunk's ghost (legendary GnFi)
 92449 | Vaults:5 | Learned a level 5 spell: Summon Mana Viper
 93811 | Zot:3    | Reached skill level 10 in Conjurations
 94756 | Zot:4    | Identified the +7 spear "Killer Bee's Foe" {speed, Drain
                  | rF+ rN+++ Stlth+}
 94814 | Zot:4    | Reached skill level 15 in Ice Magic
 94885 | Zot:4    | Noticed Parghit
 94907 | Zot:4    | Killed Parghit
 95384 | Zot:5    | Entered Level 5 of the Realm of Zot
 96403 | Zot:4    | Killed Josephina
 97598 | Zot:5    | Noticed an orb of fire
 97607 | Zot:5    | Killed an orb of fire
 98067 | Zot:5    | Noticed a dread lich
 98074 | Zot:5    | Killed a dread lich
 98083 | Zot:5    | Noticed a Killer Klown
 98172 | Zot:5    | Noticed an ancient lich
 98176 | Zot:5    | Killed an ancient lich
 98178 | Zot:5    | Noticed an ancient lich
 98180 | Zot:5    | Noticed an orb of fire
 98182 | Zot:5    | Killed an ancient lich
 98189 | Zot:5    | Noticed an ancient lich
 98197 | Zot:5    | Killed an orb of fire
 98325 | Zot:5    | Killed a Killer Klown
 98333 | Zot:5    | Killed an ancient lich
 98770 | Zot:5    | Noticed a dread lich
 98774 | Zot:5    | Killed a dread lich
 98915 | Zot:5    | Reached skill level 15 in Hexes
 99074 | Zot:5    | Noticed an orb of fire
 99210 | Zot:5    | Killed an orb of fire
 99257 | Zot:5    | Noticed a dread lich
 99264 | Zot:5    | Killed a dread lich
 99271 | Zot:5    | Noticed an orb of fire
 99277 | Zot:5    | Noticed an ancient lich
 99285 | Zot:5    | Killed an ancient lich
 99296 | Zot:5    | Gained mutation: You have hidden genetic defects. [an orb
                  | of fire]
 99302 | Zot:5    | Gained mutation: You are clumsy. (Dex -2) [an orb of fire]
 99303 | Zot:5    | Killed an orb of fire
 99371 | Zot:5    | Got the Orb of Zot
 99562 | Depths:2 | Noticed Qownir the pandemonium lord
 99855 | D:$      | Escaped with the Orb!

Illustrated notes

Levels and vault maps discovered:
D:1:      grunt_arrival_crossed_arrows, layout_rooms, serial_bayou,
          serial_bayou_pond_b, serial_bayou_lake_a, serial_bayou_pond_d,
          serial_bayou_shore_b
D:2:      layout_loops_ring, basic_altar, serial_shops,
          nicolae_shop_statue_plus, shop, shop
D:3:      layout_basic, mainiacjoe_overflow_small_starburst,
          cheibrodos_ashenzari_chains
D:4:      layout_rooms, serial_shops, nicolae_shop_hallway_plus,
          hangedman_abyss_or_decor_passed, uniq_pikel
D:5:      nicolae_cairo_tiling_large, layout_basic,
          worldfamousw_hep_ancestral_shrine,
          hangedman_abyss_or_decor_lesser_grid, st_stairs_11
D:6:      layout_basic, cheibrodos_worm_habitat
D:7:      layout_rooms, minmay_temple_entry_butterflies, serial_rivers,
          chequers_serial_rivers_micro_b, chequers_serial_rivers_room_a,
          chequers_serial_rivers_room_b, chequers_serial_rivers_room_a,
          palyth_stone_intersect, nicolae_water_bricks, uniq_crazy_yiuf_cottage,
          uniq_menkaure
D:8:      layout_cave_pools, amcnicky_altar_gilded, uniq_maggie, uniq_amaemon
D:9:      layout_basic, hangedman_decor_peaks_small,
          nicolae_looking_at_the_future, uniq_erica, uniq_maurice
D:10:     layout_cave_pods, serial_demonic, serial_demonic_e, serial_demonic_g,
          serial_demonic_e, serial_demonic_f, uniq_harold, uniq_erolcha
D:11:     layout_rooms, minmay_lair_entry_grove,
          portal_ice_cave_entry_ice_simulacra, serial_shops, shop
D:12:     layout_cave_pods, zin_purify
D:13:     layout_cave_pools, small_statue_intersection
D:14:     layout_basic, grunt_vaults_entry_fortified, minivault_23
D:15:     hangedman_depths_entry_try_elsewhere_first, layout_small_grid,
          serial_shops, nicolae_shop_waterfront, okawaru_gym_becter
Temple:   sentei_temple_godly_chess
Lair:1:   layout_regular_city, guppyfry_lair_drakes,
          infiniplex_staircase_pool_2, uniq_gastronok
Lair:2:   layout_loops_ring, dummy_spider_entry, gammafunk_ghost_cemetery,
          serial_bayou_shore_b, grunt_megastairs_4
Lair:3:   layout_layer_cave, minmay_swamp_entry_reptiles
Lair:4:   layout_loops_ring, hellmonk_ghost_happy_afterlife, uniq_snorg
Lair:5:   due_jungle_book, layout_small_grid, slime_entry_1
Swamp:1:  layout_falls_marsh, gammafunk_ghost_abyssal_escape,
          evilmike_swamp_ruin_house_3, swamp_pool2
Swamp:2:  layout_basic_swamp, evilmike_swamp_ruin_rubble_1, swamp_pool1,
          infiniplex_staircase_pool, uniq_roxanne, uniq_frances
Swamp:3:  layout_basic_swamp, serial_swamp_ruin, evilmike_swamp_ruin_house_1,
          evilmike_swamp_ruin_rubble_2, evilmike_swamp_ruin_house_2,
          hangedman_swamp_dais
Swamp:4:  swamp_basic_johnstein, layout_basic_swamp, swamp_pool5,
          nicolae_swamp_soggy_hallways
Spider:1: layout_spider_delve
Spider:2: layout_spider_delve, guppyfry_spider_mini_1, uniq_arachne
Spider:3: layout_chambers, nicolae_spider_cling_halls
Spider:4: grunt_spider_rune_circles, uniq_mara
Slime:1:  layout_caves
Slime:2:  layout_caves, uniq_dissolution
Slime:3:  layout_caves
Slime:4:  layout_caves
Slime:5
Orc:1:    layout_caves, basic_altar, uniq_jorgrun
Orc:2:    grunt_orc_cross, layout_caves, basic_altar, abandoned_shop,
          elves_outpost_lemuel
Elf:1:    eino_elf_arrival_shootout, layout_geoelf_grid, minmay_elf_necromancy
Elf:2:    nicolae_elf_blades_splatter_lattice [nicolae_blade_entry_antechamber],
          layout_onion_city, portal_desolation_entry_ruin, uniq_asterion
Elf:3:    minmay_elf_hall_curves, layout_geoelf_castle,
          nicolae_elf_glassroom_feature, uniq_aizul, uniq_nikola
Vaults:1: nicolae_vaults_more_shelving_1, nicolae_vaults_what_the_h,
          nicolae_vaults_apartment_2, vaults_room_pool,
          nicolae_vaults_storage_room_doors, layout_vaults_omnigrid
Vaults:2: ontoclasm_vaults_ligature, vaults_room_corners,
          nicolae_vaults_shock_wave, nicolae_vaults_oval_intersection,
          nicolae_vaults_storage_closets_2, nicolae_vaults_spaceships,
          ontoclasm_vaults_ring_large, nicolae_vaults_yaktaur_gun_rack,
          hangedman_vaults_maws, nicolae_vaults_door_testing_chamber,
          layout_vaults_ring, serial_shops, nicolae_shop_pleasant_corner_grove
Vaults:3: vaults_room_mumra_shop_pool, minmay_crypt_entry_simple_box,
          hangedman_vaults_stream, nicolae_vaults_little_squares_6,
          nicolae_vaults_shipping_containers_5, nicolae_vaults_network_quincunx
          [nicolae_vaults_network_quincunx_subvault,
          nicolae_vaults_network_quincunx_subvault,
          nicolae_vaults_network_quincunx_subvault,
          nicolae_vaults_network_quincunx_subvault,
          nicolae_vaults_network_quincunx_subvault],
          vaults_room_grunt_arrival_ludios, hangedman_vaults_locks,
          hangedman_vaults_river_flow, nicolae_vaults_heart-shaped_vault,
          vaults_room_fancy_cross, layout_vaults_omnibox, uniq_margery
Vaults:4: nicolae_vaults_tangram_1, nicolae_vaults_house_3,
          vaults_standard_mumra_x, nicolae_vaults_trapezoid_lopsided_4,
          nicolae_vaults_cochlea, hangedman_vaults_stagger,
          nicolae_vaults_network_quinsquares
          [nicolae_vaults_network_quincunx_subvault,
          nicolae_vaults_network_quincunx_subvault,
          nicolae_vaults_network_quincunx_subvault,
          nicolae_vaults_network_quincunx_subvault],
          nicolae_vaults_little_squares_1, st_more_cells,
          grunt_vaults_hallway_short, nicolae_vaults_circle_grid_b,
          nicolae_vaults_tetromino_Z_1, layout_vaults_omnicross
Vaults:5
Crypt:1:  layout_regular_city, mu_enter_wizlab_6
Crypt:2:  layout_rooms
Crypt:3:  david_glass_crypt, layout_gridlike, tomb_entry_forgotten_bobbens,
          hellmonk_scarab_ruin
Tomb:1
Depths:1: nicolae_cairo_tiling, layout_cave_pools, hangedman_decor_lopped,
          hell_entry, kiku_gazebo_pond_becter
Depths:2: minmay_tri_stars, layout_cave_pools, serial_column_ruins,
          column_ruins_courtyard_long_water, column_ruins_hut,
          column_ruins_grid_3, column_ruins_columns_straight,
          column_ruins_open_small, column_ruins_grid_1, hell_entry,
          minmay_misc_feat_columns, pan_entry, serial_shops,
          nicolae_stop_n_shop_2, minmay_misc_feat_hallway
Depths:3: minmay_the_grid_net [minmay_the_grid_mess, minmay_the_grid_dragon_b,
          minmay_the_grid_expand, minmay_the_grid_artifice,
          minmay_the_grid_medium_cups,
          minmay_the_grid_prize_four_corners_diamond_b], layout_cave_pools,
          enter_ziggurat_e, hell_entry, grunt_pan_entry_sceptre,
          nicolae_abyss_entry_one_way_or_another
Depths:4: evilmike_zot_entry_round, layout_cave_shapes, abyss_entry,
          chequers_decorated_corner, pf_coc_iceberg, rand_demon_pan_entry_8,
          nicolae_two_hexagons
Zot:1:    gammafunk_mikee_crab_dinner, layout_gridlike, nicolae_lava_and_water,
          st_stairs_2
Zot:2:    layout_misc_corridors, ebering_ghost_inner_flame
Zot:3:    layout_misc_corridors, grunt_megastairs_3
Zot:4:    layout_basic, uniq_josephina, uniq_parghit
Zot:5:    layout_misc_corridors

Skill      XL: |  1  2  3  4  5  6  7  8  9 10 11 12 13 14 15 16 17 18 19 20 21 22 23 24 25 26 27 |
---------------+----------------------------------------------------------------------------------+-----
Short Blades   | 1 2 3 4 5 6 8 10 11 14 | 14.0
Armour         | 1 2 4 6 7 10 12 13 14 15 | 15.0
Ice Magic      | 5 6 7 9 10 11 13 18 | 18.1
Dodging        | 3 4 5 6 7 9 10 11 13 14 15 16 17 18 19 20 | 20.0
Spellcasting   | 3 4 5 6 7 8 9 10 12 14 15 16 | 16.0
Fighting       | 1 3 4 5 8 10 11 12 13 14 16 17 18 | 18.0
Summonings     | 3 4 6 8 9 10 11 | 11.0
Conjurations   | 1 4 5 6 8 9 11 | 11.0
Air Magic      | 1 4 5 7 10 11 | 11.1
Poison Magic   | 2 3 |  3.0
Invocations    | 5 8 |  8.0
Evocations     | 5 6 8 9 11 | 11.0
Shields        | 5 8 |  8.0
Hexes          | 2 5 7 9 10 15 | 15.9
Stealth        | 5 |  5.4
Translocations | 6 |  6.0
Earth Magic    | 3 5 7 |  7.0
Necromancy     | 5 8 |  8.0

Action                     |  1- 3 |  4- 6 |  7- 9 | 10-12 | 13-15 | 16-18 | 19-21 | 22-24 | 25-27 || total
---------------------------+-------+-------+-------+-------+-------+-------+-------+-------+-------++-------
  Melee: Dagger            |     9 |    44 |    96 |       |   119 |    15 |       |       |       ||   283
         Short sword       |    36 |    31 |    51 |   237 |   557 |   382 |       |       |       ||  1294
         Punch             |       |     1 |     3 |     3 |    18 |       |       |       |       ||    25
         Rapier            |       |       |       |       |       |    85 |   216 |   309 |   256 ||   866
         Scimitar          |       |       |       |       |       |       |       |    25 |   357 ||   382
  Throw: Dart              |     1 |     6 |     8 |     4 |     8 |    16 |    23 |    21 |    16 ||   103
   Cast: Freeze            |    36 |    39 |    21 |     9 |       |       |       |       |       ||   105
         Frozen Ramparts   |       |     7 |    11 |    42 |    77 |    89 |    53 |    51 |    76 ||   406
         Ozocubu's Armour  |       |       |     3 |    12 |    28 |    46 |    16 |    31 |    28 ||   164
         Summon Ice Beast  |       |       |       |    35 |    78 |   101 |   124 |   107 |    66 ||   511
         Call Imp          |       |       |       |    23 |    26 |    24 |     4 |       |       ||    77
         Mephitic Cloud    |       |       |       |     1 |     6 |     2 |     2 |     5 |       ||    16
         Freezing Cloud    |       |       |       |       |    27 |   165 |   196 |   170 |   103 ||   661
         Metabolic Englaci |       |       |       |       |       |    27 |   109 |   110 |   108 ||   354
         Airstrike         |       |       |       |       |       |       |    71 |   246 |   399 ||   716
         Hailstorm         |       |       |       |       |       |       |    18 |     3 |     1 ||    22
         Summon Lightning  |       |       |       |       |       |       |    22 |    59 |   106 ||   187
         Animate Armour    |       |       |       |       |       |       |       |       |   106 ||   106
         Apportation       |       |       |       |       |       |       |       |       |    28 ||    28
         Anguish           |       |       |       |       |       |       |       |       |    46 ||    46
         Summon Mana Viper |       |       |       |       |       |       |       |       |    56 ||    56
         Blink             |       |       |       |       |       |       |       |       |     1 ||     1
 Invoke: Recall Ancestor   |       |       |     3 |     7 |     3 |     6 |     3 |    13 |    27 ||    62
         Ancestor Life: Ba |       |       |     1 |       |       |       |       |       |       ||     1
         Ancestor Identity |       |       |     1 |       |       |       |       |       |       ||     1
         Idealise          |       |       |       |       |       |       |       |       |    10 ||    10
  Evoke: Wand              |       |       |    11 |     2 |     1 |     5 |       |     1 |     2 ||    22
         Lightning rod     |       |       |       |       |       |       |       |       |     4 ||     4
         Condenser vane    |       |       |       |       |       |       |       |       |     1 ||     1
    Use: Scroll            |     2 |     2 |     3 |     9 |    11 |    11 |    12 |     8 |    21 ||    79
         Potion            |     1 |       |     6 |     1 |       |    14 |     3 |       |    16 ||    41
   Stab: Sleeping          |     3 |     2 |       |     1 |     4 |     2 |     3 |       |     3 ||    18
         Distracted        |       |       |     2 |     6 |    10 |    13 |    11 |    14 |    22 ||    78
 Armour: Robe              |     7 |       |       |     1 |       |       |       |       |       ||     8
         Leather armour    |       |    29 |    47 |       |       |       |       |       |       ||    76
         Skin              |       |       |    22 |       |       |       |       |       |       ||    22
         Steam dragon scal |       |       |    10 |   101 |   197 |   229 |    52 |       |       ||   589
         Pearl dragon scal |       |       |       |       |       |       |    13 |   237 |   591 ||   841
  Dodge: Dodged            |    33 |    51 |   100 |   160 |   296 |   347 |   203 |   246 |   787 ||  2223
  Block: Kite shield       |       |       |       |       |    11 |   229 |       |       |       ||   240
         Buckler           |       |       |       |       |       |    33 |     7 |       |       ||    40
